 Dungeon Crawl Stone Soup version 0.21.1-72-gffa868e (webtiles) character file.

116905 Madoushi the Severer (level 16, -5/149 HPs)
             Began as a Minotaur Berserker on Aug 4, 2018.
             Was the Champion of Trog.
             Slain by a tarantella (10 damage)
             ... on level 4 of the Spider Nest.
             The game lasted 01:40:54 (26667 turns).

Madoushi the Severer (Minotaur Berserker)          Turns: 26667, Time: 01:40:55

Health: -5/149     AC: 20    Str: 33      XL:     16   Next: 22%
Magic:  0/15       EV:  7    Int:  4 (5)  God:    Trog [******]
Gold:   1600       SH:  0    Dex: 16      Spells: 15/15 levels left

rFire    + . .     SeeInvis .   s - +8 broad axe (vamp)
rCold    + . .     Gourm    .   G - +2 shield of Resistance {rF+ rC+ MR+}
rNeg     . . .     Faith    .   x - +0 plate armour "Zawano" {Str+5}
rPois    +         Spirit   .   f - +1 hat
rElec    .         Reflect  .   h - +0 cloak
rCorr    .         Harm     .   y - +0 pair of gloves
MR       ++...                  (no boots)
Stlth    ..........             A - amulet of regeneration
HPRegen  0.74/turn              w - +6 ring of dexterity
MPRegen  0.14/turn              u - ring of poison resistance

@: held
A: retaliatory headbutt, horns 2
a: Berserk, Trog's Hand, Brothers in Arms, Burn Spellbooks, Renounce Religion


You were on level 4 of the Spider Nest.
You worshipped Trog.
Trog was exalted by your worship.
You were not hungry.

You visited 5 branches of the dungeon, and saw 24 of its levels.
You also visited: Sewer.

You collected 2688 gold pieces.
You spent 1088 gold pieces at shops.

Inventory:

Hand Weapons
 b - a +4 broad axe of flaming
 s - a +8 vampiric broad axe (weapon)
 C - a +5 broad axe of distortion
 U - a +4 broad axe of flaming
Armour
 f - a +1 hat (worn)
 h - a +0 cloak (worn)
 q - a +0 large shield
 x - the +0 plate armour "Zawano" (worn) {Str+5}
   (You bought it in a shop on level 2 of the Orcish Mines)

   It affects your strength (+5).
 y - a +0 pair of gloves (worn)
 G - the +2 shield of Resistance (worn) {rF+ rC+ MR+}
   (You found it on level 11 of the Dungeon)

   It protects you from fire.
   It protects you from cold.
   It affects your resistance to hostile enchantments.
 K - a +2 shield
Jewellery
 e - a +3 ring of evasion {unknown}
 l - an uncursed ring of resist corrosion
 u - a ring of poison resistance (right hand)
 w - a +6 ring of dexterity (left hand)
 A - an amulet of regeneration (around neck)
 D - an uncursed amulet of guardian spirit
 J - an uncursed ring of ice {unknown}
 N - an uncursed ring of protection from fire
 R - a +3 amulet of reflection
Wands
 d - a wand of disintegration (15)
 n - a wand of digging (21)
 p - a wand of random effects (23)
 H - a wand of acid (2)
 I - a wand of flame (33)
 M - a wand of iceblast (7)
 P - a wand of polymorph (14)
 T - a wand of scattershot (3)
Scrolls
 a - 2 scrolls of enchant armour {unknown}
 i - a scroll of acquirement {unknown}
 j - 5 scrolls of teleportation
 v - a scroll of identify
 F - 8 scrolls of remove curse
 S - 2 scrolls of noise {unknown}
 V - 7 scrolls of fear
 W - a scroll of holy word
 X - a scroll of magic mapping
 Y - a scroll of fog {unknown}
Potions
 g - 3 potions of haste
 k - 3 potions of ambrosia
 m - 3 potions of might
 o - 4 potions of agility
 r - a potion of cancellation {unknown}
 t - 2 potions of resistance
 z - 3 potions of flight
 B - 8 potions of curing
 E - 3 potions of brilliance
 Q - a potion of invisibility {unknown}
 Z - a potion of magic {unknown}
Comestibles
 c - 25 rations
 L - a chunk of flesh


   Skills:
 + Level 15.3 Fighting
   Level 0.4 Long Blades
 + Level 19.0 Axes
 + Level 14.2 Armour
 + Level 8.0 Dodging
 + Level 2.3 Stealth
 + Level 17.0 Shields
 + Level 0.6 Evocations


You had 15 spell levels left.
You didn't know any spells.

Dungeon Overview and Level Annotations

Branches:
Dungeon (11/15)            Temple (0/1) D:4            Lair (6/6) D:11
  Swamp (0/4) Lair:2       Spider (4/4) Lair:3        Slime (0/5) Lair:6
    Orc (2/2) D:9             Elf (1/3) Orc:2

Altars:
Ashenzari
Elyvilon
Hepliaklqana
Kikubaaqudgha
Makhleb
Nemelex Xobeh
Qazlal
Ru
Sif Muna
Vehumet
Xom
The Shining One
Beogh
Jiyva

Shops:
D:6 (   Orc:1 (   Orc:2 }([*?

Annotations:
Lair:1 exclusion: 2 oklob plants


Innate Abilities, Weirdness & Mutations

You reflexively headbutt those who attack you in melee.
You have a pair of horns on your head.


Message History

The tarantella rages.
You block the emperor scorpion's attack.
The emperor scorpion claws you but does no damage. x2
The jumping spider leaps! x2; You block the jumping spider's attack. x2
The tarantella closely misses you.
You block the emperor scorpion's attack.
The emperor scorpion claws you but does no damage. x2
The emperor scorpion stings you but does no damage.
The emperor scorpion claws you but does no damage.
The emperor scorpion closely misses you.
The emperor scorpion stings you!
* * * LOW HITPOINT WARNING * * *
The emperor scorpion claws you but does no damage.
The emperor scorpion claws you!
* * * LOW HITPOINT WARNING * * *
The jumping spider pounces on you!
* * * LOW HITPOINT WARNING * * *
You are caught in a web!
The jumping spider barely misses you. The tarantella bites you!
You die...

....# ........... .^..##
##### ..^ ...... .....#
###...##..##≈..... ^^.^≈≈
###^^≈...##..^......
########^.......^^^^.?....s
.^....≈.≈....s.............
...^^^..#........s.........
.........^....§sss†.s......
..^....†#^...^.s@sys##^....
....^.†.≈.^.^.#####...^....
^......######## ^....^^ .
######## ........ ^≈.^...#
........# ......# .....≈.$#
.....## ......^### ....##
^...#


You could see 3 emperor scorpions, a moth of wrath, 3 jumping spiders, 2
tarantellas and a redback.

Vanquished Creatures
  Arachne (Spider:2)
  Rupert (Orc:2)
  An orc warlord (Orc:2)
  A ghost moth (Spider:4)
  4 emperor scorpions
  3 entropy weavers
  Nessos (Lair:4)
  Azrael (Spider:1)
  An ettin (D:9)
  7 hydras
  A merfolk avatar (Lair:6)
  3 two-headed ogres
  4 death yaks (Lair:6)
  A dancing weapon (Elf:1)
  2 orc high priests
  An orc knight (Orc:2)
  3 large abominations
  A wizard (D:10)
  An ugly thing (D:11)
  14 orb spiders
  A deep elf mage (Elf:1)
  20 wolf spiders
  3 manticores (Lair:6)
  12 elephants
  6 black mambas
  18 spiny frogs
  5 rime drakes
  6 komodo dragons
  3 yaktaurs (D:11)
  13 demonic crawlers
  4 trolls
  24 jumping spiders
  12 blink frogs
  9 polar bears (Lair:6)
  3 hornets
  23 dream sheep
  11 hippogriffs
  32 tarantellas
  A fire elemental (Spider:1)
  A wraith (D:10)
  70 redbacks
  17 yaks
  3 wyverns
  3 hungry ghosts
  6 basilisks
  Edmund (D:4)
  12 swamp worms
  A soldier ant (D:6)
  12 water moccasins
  2 wargs
  5 hell hounds (Spider:1)
  5 small abominations (D:10)
  8 porcupines
  2 ice beasts
  34 orc warriors
  Purgy (Sewer)
  2 sky beasts
  A necrophage (D:11)
  A phantom (D:7)
  7 ogres
  2 centaurs
  11 crocodiles
  14 wolves
  A big kobold (D:11)
  Blork the orc (D:5)
  13 bullfrogs
  A gnoll sergeant (D:9)
  A wyvern skeleton (D:10)
  A water moccasin skeleton (D:7)
  4 scorpions
  5 killer bees (D:8)
  2 howler monkeys (D:4)
  6 electric eels
  4 crimson imps
  A centaur zombie (D:7)
  2 centaur skeletons
  22 orc priests
  7 hounds
  33 orc wizards
  4 bullfrog skeletons
  3 iguanas
  6 hell rats (Lair:1)
  8 worker ants
  A hound zombie (D:10)
  7 gnolls
  A howler monkey skeleton (D:7)
  6 river rats (Lair:1)
  2 worker ant zombies
  15 adders
  A shadow imp (D:8)
  2 oozes
  14 worms
  2 leopard geckos
  115 orcs
  2 ball pythons
  8 bats
  2 bat zombies (D:7)
  8 giant cockroaches
  7 goblins
  12 hobgoblins
  22 jackals
  15 kobolds
  7 quokkas
  8 frilled lizards
  A leopard gecko skeleton (D:7)
  8 rats
  A rat zombie (D:7)
  2 fungi
  6 plants
879 creatures vanquished.

Vanquished Creatures (collateral kills)
  An orc knight (D:9)
  2 large abominations (D:10)
  2 small abominations (D:10)
  An orc (D:10)
6 creatures vanquished.

Vanquished Creatures (others)
  An orb spider (Spider:4)
  A redback (Spider:2)
  11 fungi
  16 plants
29 creatures vanquished.

Grand Total: 914 creatures vanquished

Notes
Turn   | Place    | Note
-------+----------+-------------------------------------------
     0 | D:1      | Madoushi the Minotaur Berserker began the quest for the Orb.
     0 | D:1      | Reached XP level 1. HP: 19/19 MP: 0/0
   248 | D:1      | Reached XP level 2. HP: 25/27 MP: 1/1
   551 | D:1      | Reached skill level 4 in Axes
   597 | D:1      | Reached ** piety under Trog
   739 | D:1      | Reached XP level 3. HP: 31/33 MP: 2/2
  1220 | D:2      | Found a faded altar of an unknown god.
  1748 | D:2      | Reached XP level 4. HP: 40/41 MP: 3/3
  1929 | D:2      | Found a burning altar of Makhleb.
  2110 | D:3      | Reached XP level 5. HP: 42/47 MP: 4/4
  2505 | D:3      | Reached skill level 5 in Axes
  2642 | D:3      | Found a white marble altar of Elyvilon.
  2923 | D:4      | Reached skill level 5 in Fighting
  3060 | D:4      | Reached XP level 6. HP: 56/56 MP: 5/5
  3105 | D:4      | Reached *** piety under Trog
  3142 | D:4      | Found a stormy altar of Qazlal.
  3168 | D:4      | Reached skill level 6 in Axes
  3168 | D:4      | Reached skill level 1 in Shields
  3216 | D:4      | Noticed Edmund
  3237 | D:4      | Killed Edmund
  3237 | D:4      | Reached XP level 7. HP: 16/61 MP: 6/6
  3487 | D:4      | Found a staircase to the Ecumenical Temple.
  3620 | D:4      | Found a deep blue altar of Sif Muna.
  3970 | D:5      | Entered Level 5 of the Dungeon
  3987 | D:5      | Noticed Blork the orc
  4008 | D:5      | Killed Blork the orc
  4008 | D:5      | Reached skill level 5 in Armour
  4070 | D:5      | Found a glowing golden altar of the Shining One.
  4219 | D:5      | Reached skill level 1 in Stealth
  4223 | D:5      | Reached skill level 7 in Axes
  4776 | D:6      | Reached XP level 8. HP: 69/70 MP: 7/7
  4808 | D:6      | Found a glowing drain.
  4887 | Sewer    | Entered a sewer
  4948 | Sewer    | Noticed Purgy
  4966 | Sewer    | Killed Purgy
  5236 | D:6      | Reached skill level 5 in Shields
  5276 | D:6      | Reached skill level 8 in Axes
  5733 | D:6      | Found Riffymay's Antique Weapon Emporium.
  6146 | D:6      | Found a shimmering altar of Xom.
  6379 | D:7      | Found a sacrificial altar of Ru.
  6385 | D:7      | Reached **** piety under Trog
  6525 | D:7      | Reached skill level 9 in Axes
  6670 | D:7      | Found an ancient bone altar of Kikubaaqudgha.
  6702 | D:7      | Reached skill level 5 in Dodging
  6702 | D:7      | Reached XP level 9. HP: 78/78 MP: 8/8
  6788 | D:7      | Found a sparkling altar of Nemelex Xobeh.
  7625 | D:8      | Found a hazy altar of Hepliaklqana.
  7709 | D:8      | Reached skill level 10 in Axes
  8143 | D:8      | Found a shattered altar of Ashenzari.
  8299 | D:8      | Found a shattered altar of Ashenzari.
  8877 | D:9      | Reached XP level 10. HP: 71/86 MP: 9/9
  8939 | D:9      | Found a roughly hewn altar of Beogh.
  8939 | D:9      | Found a staircase to the Orcish Mines.
  8988 | D:9      | Reached ***** piety under Trog
  9713 | D:10     | Entered Level 10 of the Dungeon
  9834 | D:10     | Noticed a large abomination
 10180 | D:10     | Noticed a large abomination
 10190 | D:10     | Killed a large abomination
 10190 | D:10     | Reached skill level 11 in Axes
 11058 | D:10     | Noticed a large abomination
 11068 | D:10     | Killed a large abomination
 11480 | D:11     | Found the +2 shield of Resistance {rF+ rC+ MR+}
 11555 | D:11     | Reached skill level 10 in Shields
 11847 | D:11     | Reached XP level 11. HP: 53/95 MP: 10/10
 11915 | D:11     | Noticed a four-headed hydra
 11958 | D:10     | Noticed a wizard
 11965 | D:10     | Killed a wizard
 12071 | D:11     | Noticed a green ugly thing
 12268 | Orc:1    | Entered Level 1 of the Orcish Mines
 12268 | Orc:1    | Found Wakafaq's Weapon Emporium.
 12329 | Orc:1    | Received a gift from Trog
 12339 | Orc:1    | Found a roughly hewn altar of Beogh.
 12343 | Orc:1    | Noticed an orc high priest
 12492 | Orc:1    | Noticed a sixfirhy
 12641 | D:9      | Killed an orc high priest
 12641 | D:9      | Reached skill level 12 in Axes
 12734 | Orc:1    | Received a gift from Trog
 12798 | Orc:1    | Noticed an orc knight
 12800 | Orc:1    | Noticed an ettin
 12877 | D:9      | Killed an orc knight
 12957 | D:9      | Killed a large abomination
 12976 | D:9      | Killed an ettin
 13471 | Orc:2    | Entered Level 2 of the Orcish Mines
 13479 | Orc:2    | Found a staircase to the Elven Halls.
 13702 | Orc:2    | Noticed an orc warlord
 13707 | Orc:2    | Found Huudghogo's Antique Armour Boutique.
 13708 | Orc:2    | Found a roughly hewn altar of Beogh.
 13717 | Orc:2    | Killed an orc warlord
 13717 | Orc:2    | Reached skill level 13 in Axes
 13808 | Orc:2    | Found Dayler's Antique Weapon Shop.
 13820 | Orc:2    | Bought a twisted plate armour for 980 gold pieces
 13850 | Orc:2    | Identified the +0 plate armour "Zawano" {Str+5} (You bought it in a shop on level 2 of the Orcish Mines)
 13989 | Orc:2    | Found Ruilout's Gadget Boutique.
 14052 | Orc:2    | Found a roughly hewn altar of Beogh.
 14119 | Orc:2    | Noticed a two-headed ogre
 14127 | Orc:2    | Killed a two-headed ogre
 14127 | Orc:2    | Reached XP level 12. HP: 83/105 MP: 11/11
 14213 | Orc:2    | Found a roughly hewn altar of Beogh.
 14253 | Orc:2    | Noticed Rupert
 14271 | Orc:2    | HP: 7/157 [Rupert/battleaxe of flaming (1)]
 14272 | Orc:2    | Killed Rupert
 14272 | Orc:2    | Received a gift from Trog
 14523 | Orc:2    | Found a roughly hewn altar of Beogh.
 14528 | Orc:2    | Noticed an orc high priest
 14532 | Orc:2    | Reached skill level 10 in Armour
 14581 | Orc:2    | Killed an orc high priest
 14730 | Orc:2    | Reached skill level 14 in Axes
 14901 | Orc:2    | Found a roughly hewn altar of Beogh.
 14962 | Orc:2    | Found a roughly hewn altar of Beogh.
 15089 | Orc:2    | Found a roughly hewn altar of Beogh.
 15090 | Orc:2    | Found Wyber's Magic Scroll Boutique.
 15111 | Orc:2    | Bought a scroll of teleportation for 54 gold pieces
 15136 | Orc:2    | Found Apasue's Assorted Antiques.
 15141 | Orc:2    | Bought 2 scrolls labeled MIUBRO APSAKHI for 54 gold pieces
 15579 | Elf:1    | Entered Level 1 of the Elven Halls
 15654 | Elf:1    | Reached skill level 10 in Fighting
 15992 | D:11     | Noticed a two-headed ogre
 15999 | D:11     | Killed a two-headed ogre
 16147 | D:11     | Found a staircase to the Lair.
 16404 | D:11     | Noticed a two-headed ogre
 16411 | D:11     | Killed a two-headed ogre
 16815 | Lair:1   | Entered Level 1 of the Lair of Beasts
 16915 | Lair:1   | Received a gift from Trog
 17238 | Lair:1   | Reached skill level 15 in Axes
 18358 | Lair:2   | Reached XP level 13. HP: 106/114 MP: 12/12
 18435 | Lair:2   | Found a radiant altar of Vehumet.
 18965 | Lair:2   | Found a staircase to the Swamp.
 19344 | Lair:3   | Received a gift from Trog
 19409 | Lair:3   | Found a hole to the Spider Nest.
 19546 | Lair:3   | Found a labyrinth entrance.
 19836 | Lair:4   | Noticed Nessos
 19838 | Lair:4   | Reached skill level 16 in Axes
 20058 | Lair:4   | Killed Nessos
 20286 | Lair:4   | Reached ****** piety under Trog
 21613 | Lair:5   | Received a gift from Trog
 21884 | Lair:5   | Reached XP level 14. HP: 117/125 MP: 13/13
 22617 | Lair:6   | Entered Level 6 of the Lair of Beasts
 22626 | Lair:6   | Reached skill level 17 in Axes
 22768 | Lair:6   | Received a gift from Trog
 23084 | Lair:6   | Reached skill level 18 in Axes
 23514 | Lair:6   | Found a viscous altar of Jiyva.
 23515 | Lair:6   | Found a staircase to the Slime Pits.
 23671 | Lair:6   | Reached skill level 15 in Shields
 23759 | Spider:1 | Entered Level 1 of the Spider Nest
 23805 | Spider:1 | Noticed an emperor scorpion
 23830 | Spider:1 | Killed an emperor scorpion
 23850 | Spider:1 | Reached XP level 15. HP: 126/136 MP: 14/14
 23973 | Spider:1 | Noticed Azrael
 23996 | Spider:1 | Killed Azrael
 23997 | Spider:1 | Received a gift from Trog
 24037 | Spider:1 | HP: 4/136 [disintegration (45)]
 24045 | Spider:1 | HP: 4/136 [disintegration (31)]
 24565 | Spider:2 | Noticed Arachne
 24607 | Spider:2 | Killed Arachne
 25906 | Spider:4 | Entered Level 4 of the Spider Nest
 25976 | Spider:4 | Reached skill level 15 in Fighting
 25978 | Spider:4 | HP: 8/211 [disintegration (44)]
 26311 | Spider:4 | Received a gift from Trog
 26311 | Spider:4 | Reached XP level 16. HP: 149/149 MP: 15/15
 26627 | Spider:4 | Reached skill level 19 in Axes
 26667 | Spider:4 | HP: 5/149 [jumping spider (11)]
 26667 | Spider:4 | Slain by a tarantella

Skill      XL: |  1  2  3  4  5  6  7  8  9 10 11 12 13 14 15 16 |
---------------+-------------------------------------------------+-----
Fighting       | 4 5 6 7 8 9 10 11 13 15 | 15.3
Axes           | 4 5 6 7 9 10 11 13 15 16 18 19 | 19.0
Armour         | 3 4 5 6 7 8 9 11 12 13 14 | 14.2
Dodging        | 3 4 5 6 7 8 |  8.0
Shields        | 1 3 6 8 10 12 13 14 15 16 17 | 17.0
Stealth        | 1 2 |  2.3
Long Blades    | |  0.4
Evocations     | |  0.6

Action                   |  1- 3 |  4- 6 |  7- 9 | 10-12 | 13-15 | 16-18 || total
-------------------------+-------+-------+-------+-------+-------+-------++-------
Melee: Hand axe          |    89 |   132 |   547 |   439 |       |       ||  1207
       Headbutt          |    19 |    18 |   100 |   196 |   246 |    21 ||   600
       Broad axe         |       |       |       |   345 |   891 |    90 ||  1326
       Demon blade       |       |       |       |     5 |       |       ||     5
Invok: Brothers in Arms  |       |       |       |     3 |       |       ||     3
       Berserk           |       |       |       |     3 |     2 |       ||     5
       Burn Spellbooks   |       |       |       |       |     7 |       ||     7
       Trog's Hand       |       |       |       |       |     1 |       ||     1
Evoke: Wand              |       |       |       |     4 |     1 |       ||     5
  Use: Scroll            |     2 |     5 |     2 |    21 |    13 |     1 ||    44
       Potion            |       |     1 |       |     3 |     4 |     1 ||     9
 Stab: Held in net/web   |       |       |       |       |     1 |       ||     1
  Eat: Ration            |     1 |       |     8 |     9 |     5 |       ||    23
       Chunk             |       |     4 |     3 |     4 |    10 |     1 ||    22
Armor: Animal skin       |    19 |       |       |       |       |       ||    19
       Ring mail         |    10 |    54 |   137 |    52 |       |       ||   253
       Plate armour      |       |       |       |   122 |   510 |    69 ||   701
Dodge: Dodged            |    77 |    52 |   141 |   218 |   537 |    58 ||  1083
Block: Large shield      |       |    54 |   414 |   213 |       |       ||   681
       Shield            |       |       |       |   386 |  1021 |    99 ||  1506
